 Dungeon Sprint DCSS version 0.26-a0-412-ga3d1f51b80 (webtiles) character file.

Game seed: 9136338490561813462

36756 MordorOrchid the Blocker (level 18, -3/217 HPs)
             Began as a Troll Transmuter on July 24, 2020.
             Was an Initiate of Gozag.
             Slain by MordorOrchid's illusion (illusionary) (27 damage)
             ... woven by Mara
             ... in the Dungeon (Sprint VI: "Thunderdome").
             The game lasted 00:47:35 (2929 turns).

MordorOrchid the Blocker (Troll Transmuter)         Turns: 2929, Time: 00:47:35

Health: -3/217     AC: 30    Str: 32    XL:     18   Next: 68%
Magic:  21/31      EV: 17    Int: 26    God:    Gozag
Gold:   9320       SH: 18    Dex: 20    Spells: 17/38 levels left

rFire    + . .     SeeInvis +     - Unarmed
rCold    + . .     Faith    +   t - +3 kite shield "Gunwe" {*Corrode rC+ Int+8 Slay+2}
rNeg     + . .     Spirit   .   (armour currently unavailable)
rPois    ∞         Reflect  .   (helmet restricted)
rElec    +         Harm     .   q - +1 cloak "Petoibb" {rF+}
rCorr    .         NoTele   +   (gloves unavailable)
MR       ++++.                  (boots unavailable)
Stlth    +.........             l - amulet "Fuorgh" {Faith Fragile MR+++ Dex+4 SInv}
HPRegen  0.86/turn              m - ring "Olozitwi" {*Contam rC- Str+9 Int+3 Dex+6}
MPRegen  0.22/turn              o - ring "Deewuk" {rC+ Stlth-}

@: mighty, statue-form, hasted
A: large, unfitting armour, claws 3, regeneration 1
}: 3/15 runes: decaying, gossamer, mossy
a: End Transformation, Potion Petition, Call Merchant, Bribe Branch, Renounce
Religion


You were in the Dungeon.
You worshipped Gozag.
Gozag was greatly pleased with you.
You were a stone statue.
You visited 1 branch You collected 20499 gold pieces.
You spent 11179 gold pieces at shops.

Inventory:

Armour
 a - a +0 robe
 q - the +1 cloak "Petoibb" (worn) {rF+}
   (You bought it in a shop in the Dungeon)

   It protects you from fire.
 t - the +3 kite shield "Gunwe" (worn) {*Corrode rC+ Int+8 Slay+2}
   (You bought it in a shop in the Dungeon)

   It affects your intelligence (+8).
   It affects your accuracy and damage with ranged weapons and melee attacks
   (+2).
   It protects you from cold.
   It may corrode you when you take damage.
 x - the cursed -1 hat of the Shrike {MP+9}
   (You bought it in a shop in the Dungeon)

   It affects your magic capacity (+9).
   It has a curse placed upon it.
 A - +6 acid dragon scales (melded)
 B - the +6 tower shield "Jycuj" {rElec Regen+}
   (You bought it in a shop in the Dungeon)

   It insulates you from electricity.
   It increases your rate of regeneration.
 C - the +2 robe "Elaiph" {rElec Dex+6 Stlth-}
   (You bought it in a shop in the Dungeon)

   It affects your dexterity (+6).
   It insulates you from electricity.
   It makes you less stealthy.
Magical Staves
 z - an uncursed staff of wizardry
 O - an uncursed staff of earth
Jewellery
 l - the amulet "Fuorgh" (around neck) {Faith Fragile MR+++ Dex+4 SInv}
   (You bought it in a shop in the Dungeon)

   [amulet of faith]

   It allows you to gain divine favour quickly.
   It affects your dexterity (+4).
   It affects your resistance to hostile enchantments.
   It lets you see invisible.
   It will be destroyed if unequipped.
 m - the ring "Olozitwi" (left claw) {*Contam rC- Str+9 Int+3 Dex+6}
   (You bought it in a shop in the Dungeon)

   [ring of dexterity]

   It affects your strength (+9).
   It affects your intelligence (+3).
   It affects your dexterity (+6).
   It makes you vulnerable to cold.
   It causes magical contamination when unequipped.
 n - the ring of Ymuutz {rF+++ MR- AC+4 Int+7}
   (You bought it in a shop in the Dungeon)

   [ring of protection]

   It affects your AC (+4).
   It affects your intelligence (+7).
   It renders you almost immune to fire.
   It affects your resistance to hostile enchantments.
 o - the ring "Deewuk" (right claw) {rC+ Stlth-}
   (You bought it in a shop in the Dungeon)

   [ring of attention]

   It protects you from cold.
   It makes you less stealthy.
 p - the ring of Fameuhus {rF+ rC+ Dex+6 Slay-2}
   (You bought it in a shop in the Dungeon)

   [ring of dexterity]

   It affects your dexterity (+6).
   It affects your accuracy and damage with ranged weapons and melee attacks
   (-2).
   It protects you from fire.
   It protects you from cold.
 u - an uncursed amulet of the acrobat
Wands
 i - a wand of acid (5)
 j - a wand of iceblast (2)
Scrolls
 h - 4 scrolls of blinking
 k - 6 scrolls of fog
 s - a scroll of identify
 v - 2 scrolls of enchant armour
 y - 3 scrolls of silence
Potions
 b - 7 potions of resistance
 c - 6 potions of brilliance
 d - 14 potions of heal wounds
 e - 6 potions of haste
 f - 2 potions of magic
 g - 6 potions of berserk rage
 r - 3 potions of might
Miscellaneous
 w - a lightning rod (4/4)
 D - a quad damage


   Skills:
 - Level 8.0 Fighting
 * Level 7.7 Armour
 - Level 10.0 Dodging
 + Level 14.8 Shields
 - Level 12.0 Unarmed Combat
 * Level 10.5 Spellcasting
 - Level 6.0 Summonings
 * Level 8.3 Translocations
 * Level 11.2 Transmutations
 - Level 12.0 Earth Magic
 - Level 6.0 Evocations


You had 17 spell levels left.
You knew the following spells:

 Your Spells              Type           Power        Failure   Level
a - Beastly Appendage     Tmut           ######       1%          1
b - Wereblood             Tmut           ######..     1%          2
s - Summon Forest         Summ/Tloc      ######....   6%          5
S - Malign Gateway        Summ/Tloc      ######....   89%         7
Y - Statue Form           Tmut/Erth      ######...    6%          6

Your spell library contained the following spells:

 Spells                   Type           Power        Failure   Level
 Spider Form              Tmut/Pois      #####.....   1%          3
 Blade Hands              Tmut           ######....   1%          5
 Leda's Liquefaction      Hex/Erth       #####.....   3%          4
 Ice Form                 Ice/Tmut       #####...     4%          4
 Summon Demon             Summ           #####.....   11%         5
 Bolt of Magma            Conj/Fire/Erth ####......   24%         5
 Summon Mana Viper        Hex/Summ       ####....     34%         5
 Iron Shot                Conj/Erth      #####.....   50%         6
 Shadow Creatures         Summ           N/A          50%         6
 Monstrous Menagerie      Summ           #####.....   97%         7
 Summon Greater Demon     Summ           #####.....   97%         7
 Summon Hydra             Summ           #####.....   97%         7
 Summon Horrible Things   Summ           #####.....   100%        8
 Shatter                  Erth           ######....   100%        9


Dungeon Overview and Level Annotations

Branches:
Dungeon (1/1)

Altars:
Cheibriados
Dithmenos
Fedhas
Gozag
Kikubaaqudgha
Makhleb
Okawaru
Qazlal
Ru
Sif Muna
Trog
Uskayaw
Vehumet
Wu Jian
Xom
Yredelemnul
Zin
The Shining One
Beogh
Jiyva
Lugonu

Shops:
D *[??*?*:[((!!!!

Annotations:
D Mara


Innate Abilities, Weirdness & Mutations

You are too large for most types of armour.
You have claws for hands.
Your natural rate of healing is unusually fast.
((You are covered in fur. (AC +1)))
((You have extremely tough skin. (AC +3)))


Message History

* * * LOW HITPOINT WARNING * * *
Unknown command.
You eviscerate Mara!!!
Mara is severely wounded.
Mara gestures at you. The bolt of fire misses you.
MordorOrchid's illusion hits you but does no damage.
You block Mara's attack.
Unknown command.
You closely miss Mara.
Mara is severely wounded.
Mara blinks!
MordorOrchid's illusion hits you!!
* * * LOW HITPOINT WARNING * * *
Mara hits you but does no damage.
Unknown command.
You eviscerate Mara!!!!
Mara is almost dead.
Mara hits you but does no damage. MordorOrchid's illusion hits you!!
You die...
Your body crumbles into a pile of gold.

..........###...###.......[..⌠#
......(...# #.<.# #..(.......⌠#
.......(..###...##♣((........⌠#
.........[...###...(.........##
##∩........8.# ♣.8(♣...♣..∩###
##∩.__...)[)##♣((....___∩##
######.8......(..8.######
#⌠.....)RR@..⌠# ###....♣.8R.###
#_[.)(≈§≈_# ♣_.(.≈≈≈§_♣
#_...≈≈≈§_# ♣∩...(≈.≈∩#
♣#∩.....∩## ##..(..## ♣♣⌠⌠⌠##
#####


You could see 3 Maras and MordorOrchid's illusion (strong).

Vanquished Creatures
  Agnes (D)
  An acid blob (D)
  2 sphinxes (D)
  A frost giant (D)
  An azure jelly (D)
  A balrug (D)
  5 ghouls (D)
  A fire dragon (D)
  A jumping spider (D)
  A great orb of eyes (D)
  A wizard (D)
  A merfolk aquamancer (D)
  A death yak (D)
  A hell hog (D)
  3 sun demons (D)
  A black mamba (D)
  A cane toad (D)
  4 ice devils (D)
  An efreet (D)
  12 tormentors (D)
  A demonic crawler (D)
  7 guardian mummies (D)
  A golden dragon simulacrum (D)
  A komodo dragon (D)
  A troll (shapeshifter) (D)
  A polar bear (shapeshifter) (D)
  A queen bee (shapeshifter) (D)
  A hornet (shapeshifter) (D)
  7 bog bodies (D)
  2 stone giant simulacra (D)
  5 slime creatures (D)
  2 air elementals (D)
  3 water elementals (D)
  A human (shapeshifter) (D)
  2 yaks (D)
  A fire elemental (D)
  2 insubstantial wisps (D)
  3 hell hounds (D)
  2 hydra simulacra (D)
  A nameless horror (D)
  5 sky beasts (D)
  2 phantoms (D)
  A black bear (D)
  An eye of draining (D)
  An eye of draining (shapeshifter) (D)
  An ogre (D)
  9 necrophages (D)
  10 centaurs (D)
  4 bullfrogs (D)
  A big kobold (shapeshifter) (D)
  A wight (D)
  Terence (D)
  8 mummies (D)
  2 adders (D)
  An ooze (D)
  2 adder skeletons (D)
  An orc (D)
  4 ball pythons (D)
  A quokka (D)
  A bat (D)
  A rat (D)
144 creatures vanquished.

Vanquished Creatures (collateral kills)
  A guardian mummy (D)
  A hornet (shapeshifter) (D)
  A blink frog (shapeshifter) (D)
  2 slime creatures (D)
  A spriggan (shapeshifter) (D)
  A fire bat (shapeshifter) (D)
  A hog (shapeshifter) (D)
  A golden eye (shapeshifter) (D)
9 creatures vanquished.

Vanquished Creatures (others)
  2 snaplasher vines (D)
2 creatures vanquished.

Grand Total: 155 creatures vanquished

Notes
Turn   | Place    | Note
-------+----------+-------------------------------------------
     0 | D        | MordorOrchid the Troll Transmuter began the quest for the
                  | Orb.
     0 | D        | Reached XP level 1. HP: 18/18 MP: 1/1
     1 | D        | Found a viscous altar of Jiyva.
     1 | D        | Found a stormy altar of Qazlal.
     2 | D        | Found an ornate altar of the Wu Jian Council.
     2 | D        | Found a shimmering blue altar of Sif Muna.
     3 | D        | Found a roughly hewn altar of Beogh.
     4 | D        | Found an ancient bone altar of Kikubaaqudgha.
     4 | D        | Found a radiant altar of Vehumet.
     4 | D        | Found Bodog's Identification Station.
     5 | D        | Found Nimac's Jewellery.
     5 | D        | Found Vunwad Kioje's Advanced Armour.
     5 | D        | Round 1.
     7 | D        | Found a burning altar of Makhleb.
     8 | D        | Found a basalt altar of Yredelemnul.
    10 | D        | Found a sacrificial altar of Ru.
    10 | D        | Found a snail-covered altar of Cheibriados.
    10 | D        | Noticed an ogre
    14 | D        | Found a shadowy altar of Dithmenos.
    14 | D        | Found an opulent altar of Gozag.
    15 | D        | Found an iron altar of Okawaru.
    15 | D        | Found a bloodstained altar of Trog.
    17 | D        | Found a shimmering altar of Xom.
    17 | D        | Found Vuah's Weapon Rack.
    17 | D        | Found Cynworo's Premium Goods.
    18 | D        | Found Danlup's Do-It-Yourself Clinic.
    18 | D        | Found Hiucov's Basic Armour.
    18 | D        | Found Kioptire's Miscellaneous Merchandise.
    22 | D        | Became a worshipper of Gozag Ym Sagoz the Greedy
    27 | D        | Killed an ogre
    27 | D        | Reached skill level 5 in Unarmed Combat
    27 | D        | Reached skill level 1 in Evocations
    27 | D        | Reached XP level 2. HP: 29/29 MP: 2/4
    27 | D        | Reached XP level 3. HP: 36/36 MP: 2/5
    27 | D        | Reached XP level 4. HP: 44/44 MP: 2/6
    31 | D        | Learned a level 2 spell: Wereblood
    46 | D        | Bought a scorched graven amulet for 45 gold pieces
    46 | D        | Bought a pitted bone ring for 45 gold pieces
    46 | D        | Bought a twitching golden ring for 45 gold pieces
    51 | D        | Identified the amulet "Fuorgh" {Faith Fragile MR+++ Dex+4
                  | SInv} (You bought it in a shop in the Dungeon)
    51 | D        | Identified the ring "Olozitwi" {*Contam rC- Str+9 Int+3
                  | Dex+6} (You bought it in a shop in the Dungeon)
    52 | D        | Identified the ring of Ymuutz {rF+++ MR- AC+4 Int+7} (You
                  | bought it in a shop in the Dungeon)
    53 | D        | Bought a heavily runed wooden ring for 45 gold pieces
    53 | D        | Bought a brightly glowing tin ring for 45 gold pieces
    54 | D        | Identified the ring "Deewuk" {rC+ Stlth-} (You bought it in
                  | a shop in the Dungeon)
    56 | D        | Identified the ring of Fameuhus {rF+ rC+ Dex+6 Slay-2} (You
                  | bought it in a shop in the Dungeon)
    62 | D        | Found a glowing golden altar of the Shining One.
    66 | D        | Found Weetegg's Magic Scroll Shop.
    67 | D        | Found a blossoming altar of Fedhas.
    67 | D        | Found a corrupted altar of Lugonu.
    67 | D        | Found Uwoeh's Staff Store.
    67 | D        | Found Delequick's Magic Scroll Shop.
    67 | D        | Found Wucad's Must-Have Magic.
    71 | D        | Found a hide-covered altar of Uskayaw.
    73 | D        | Found a glowing silver altar of Zin.
    74 | D        | Found Eteprol's Distillery.
    75 | D        | Found Totyac's Distillery.
    75 | D        | Found Zelauwka's Bottled Wisdom.
   136 | D        | Noticed Terence
   142 | D        | Killed Terence
   142 | D        | Arena points: 12 (+12) [x2]
   161 | D        | Bought a masterwork cloak for 332 gold pieces
   166 | D        | Identified the +1 cloak "Petoibb" {rF+} (You bought it in a
                  | shop in the Dungeon)
   197 | D        | Round 2.
   201 | D        | Reached XP level 5. HP: 53/53 MP: 4/8
   230 | D        | Noticed a phantom
   242 | D        | Killed a phantom
   255 | D        | Noticed a necrophage
   265 | D        | Killed a necrophage
   265 | D        | Reached XP level 6. HP: 60/61 MP: 5/11
   286 | D        | Arena points: 54 (+42) [x3]
   300 | D        | Bought 6 potions of might for 168 gold pieces
   326 | D        | Bought 3 scrolls of identify for 150 gold pieces
   328 | D        | Round 3.
   383 | D        | Arena points: 138 (+84) [x4]
   414 | D        | Bought a book of the Earth for 455 gold pieces
   421 | D        | Learned a level 6 spell: Statue Form
   450 | D        | Round 4.
   478 | D        | Reached skill level 5 in Transmutations
   478 | D        | Reached XP level 7. HP: 69/69 MP: 10/13
   498 | D        | Reached skill level 5 in Spellcasting
   519 | D        | Arena points: 278 (+140) [x5]
   569 | D        | Bought a potion of experience for 300 gold pieces
   569 | D        | Reached XP level 8. HP: 78/78 MP: 14/14
   587 | D        | Round 5.
   589 | D        | Bought a potion of haste for 150 gold pieces
   591 | D        | Noticed a witch
   592 | D        | Noticed a four-headed hydra
   603 | D        | Killed a witch
   603 | D        | Arena points: 558 (+280) [x7]
   603 | D        | Reached skill level 5 in Fighting
   603 | D        | Reached skill level 5 in Dodging
   603 | D        | Reached XP level 9. HP: 84/87 MP: 13/17
   617 | D        | Got a decaying rune of Zot
   618 | D        | Reached XP level 10. HP: 95/95 MP: 15/18
   808 | D        | Round 6.
   900 | D        | Reached skill level 5 in Evocations
   953 | D        | Bought an uncursed staff of wizardry for 750 gold pieces
   967 | D        | Arena points: 942 (+384) [x8]
   984 | D        | Round 7.
  1119 | D        | Reached skill level 10 in Unarmed Combat
  1121 | D        | Arena points: 1635 (+693) [x9]
  1153 | D        | Bought an ichor-stained kite shield for 332 gold pieces
  1153 | D        | Identified the +3 kite shield "Gunwe" {*Corrode rC+ Int+8
                  | Slay+2} (You bought it in a shop in the Dungeon)
  1161 | D        | Round 8.
  1180 | D        | Noticed a death yak
  1190 | D        | Killed a death yak
  1190 | D        | Reached skill level 4 in Shields
  1191 | D        | Bought 2 potions of experience for 600 gold pieces
  1191 | D        | Reached skill level 6 in Shields
  1191 | D        | Reached XP level 11. HP: 82/104 MP: 20/20
  1192 | D        | Reached skill level 8 in Shields
  1192 | D        | Reached XP level 12. HP: 89/113 MP: 21/21
  1208 | D        | Reached skill level 9 in Shields
  1300 | D        | Reached skill level 10 in Shields
  1303 | D        | Arena points: 2355 (+720) [x10]
  1347 | D        | Round 9.
  1355 | D        | Bought 3 scrolls of identify for 150 gold pieces
  1387 | D        | Reached skill level 11 in Shields
  1390 | D        | Noticed a ghoul
  1406 | D        | Killed a ghoul
  1406 | D        | Reached skill level 12 in Shields
  1421 | D        | Reached XP level 13. HP: 93/119 MP: 18/22
  1427 | D        | Arena points: 3345 (+990) [x11]
  1446 | D        | Round 10.
  1496 | D        | Arena points: 4645 (+1300) [x13]
  1496 | D        | Reached skill level 13 in Shields
  1497 | D        | Got a gossamer rune of Zot
  1525 | D        | Bought a bloodstained hat for 315 gold pieces
  1525 | D        | Identified the cursed -1 hat of the Shrike {MP+9} (You
                  | bought it in a shop in the Dungeon)
  1526 | D        | Bought a jewelled cloak for 332 gold pieces
  1526 | D        | Identified the cursed -5 cloak of Gozag's Supremacy {Harm
                  | rCorr} (You bought it in a shop in the Dungeon)
  1550 | D        | Bought 3 scrolls of fog for 60 gold pieces
  1550 | D        | Bought 3 scrolls of silence for 225 gold pieces
  1556 | D        | Bought a book of Summonings for 490 gold pieces
  1562 | D        | Learned a level 5 spell: Summon Forest
  1562 | D        | Reached XP level 14. HP: 129/129 MP: 23/23
  1583 | D        | Bought 3 potions of experience for 900 gold pieces
  1583 | D        | Reached skill level 5 in Summonings
  1583 | D        | Reached XP level 15. HP: 135/135 MP: 24/24
  1585 | D        | Reached XP level 16. HP: 144/144 MP: 25/25
  1706 | D        | Round 11.
  1798 | D        | Reached skill level 10 in Earth Magic
  1800 | D        | Arena points: 6185 (+1540) [x14]
  1848 | D        | Round 12.
  1932 | D        | Arena points: 8165 (+1980) [x15]
  1966 | D        | Round 13.
  1969 | D        | Bought a Grand Grimoire for 772 gold pieces
  1977 | D        | Learned a level 7 spell: Malign Gateway
  1985 | D        | Reached skill level 5 in Translocations
  1994 | D        | Noticed an acid blob
  1999 | D        | Killed an acid blob
  2066 | D        | Arena points: 10661 (+2496) [x16]
  2113 | D        | Round 14.
  2158 | D        | Reached skill level 14 in Shields
  2182 | D        | Arena points: 13993 (+3332) [x17]
  2240 | D        | Round 15.
  2244 | D        | Noticed Agnes
  2259 | D        | Killed Agnes
  2259 | D        | Arena points: 17128 (+3135) [x19]
  2260 | D        | Got a mossy rune of Zot
  2273 | D        | Bought 5 potions of haste for 350 gold pieces
  2273 | D        | Bought 5 potions of berserk rage for 175 gold pieces
  2273 | D        | Bought 6 potions of brilliance for 168 gold pieces
  2273 | D        | Bought 6 potions of resistance for 420 gold pieces
  2273 | D        | Bought 2 potions of heal wounds for 70 gold pieces
  2273 | D        | Bought a potion of heal wounds for 35 gold pieces
  2281 | D        | Bought 3 potions of heal wounds for 105 gold pieces
  2281 | D        | Bought 3 potions of heal wounds for 105 gold pieces
  2295 | D        | Bought +0 acid dragon scales for 480 gold pieces
  2295 | D        | Reached XP level 17. HP: 158/158 MP: 26/28
  2296 | D        | Reached skill level 5 in Armour
  2296 | D        | Reached XP level 18. HP: 167/167 MP: 26/29
  2346 | D        | Bought 4 scrolls of enchant armour for 300 gold pieces
  2350 | D        | Bought 4 scrolls of enchant armour for 300 gold pieces
  2392 | D        | Bought a faintly glowing tower shield for 332 gold pieces
  2392 | D        | Identified the +6 tower shield "Jycuj" {rElec Regen+} (You
                  | bought it in a shop in the Dungeon)
  2433 | D        | Round 16.
  2459 | D        | Reached skill level 10 in Transmutations
  2527 | D        | Arena points: 20968 (+3840) [x20]
  2570 | D        | Bought a dull robe for 199 gold pieces
  2570 | D        | Identified the +2 robe "Qinawof" {MR+ Regen+} (You bought
                  | it in a shop in the Dungeon)
  2573 | D        | Bought 3 scrolls of identify for 150 gold pieces
  2574 | D        | Bought an ancient robe for 199 gold pieces
  2574 | D        | Bought a fading animal skin for 185 gold pieces
  2574 | D        | Identified the cursed +1 animal skin of Hedonism {MR+
                  | Str+2} (You bought it in a shop in the Dungeon)
  2576 | D        | Identified the +2 robe "Elaiph" {rElec Dex+6 Stlth-} (You
                  | bought it in a shop in the Dungeon)
  2579 | D        | Round 17.
  2692 | D        | Arena points: 26323 (+5355) [x21]
  2728 | D        | Round 18.
  2771 | D        | Reached skill level 10 in Spellcasting
  2787 | D        | Reached skill level 10 in Dodging
  2816 | D        | Arena points: 31075 (+4752) [x22]
  2840 | D        | Bought a quad damage for 400 gold pieces
  2840 | D        | Bought 5 potions of heal wounds for 500 gold pieces
  2855 | D        | Round 19.
  2880 | D        | HP: 10/217 [tormentor (2)]
  2880 | D        | HP: 4/217 [tormentor (3)]
  2902 | D        | Arena points: 36756 (+5681) [x23]
  2915 | D        | Round 20.
  2917 | D        | Noticed Mara
  2921 | D        | Noticed MordorOrchid's illusion
  2929 | D        | Slain by MordorOrchid's illusion (illusionary)

Illustrated notes

Levels and vault maps discovered:
D:        arena_sprint

Skill      XL: |  1  2  3  4  5  6  7  8  9 10 11 12 13 14 15 16 17 18 |
---------------+-------------------------------------------------------+-----
Fighting       | 2 3 4 5 6 8 |  8.0
Dodging        | 3 4 5 6 8 10 | 10.0
Unarmed Combat | 5 6 7 8 10 12 | 12.0
Spellcasting   | 2 3 4 5 6 8 10 | 10.5
Transmutations | 2 3 4 5 6 8 9 11 | 11.2
Evocations     | 1 2 3 4 5 6 |  6.0
Earth Magic    | 6 9 11 12 | 12.0
Shields        | 6 8 12 13 14 | 14.8
Summonings     | 3 5 6 |  6.0
Translocations | 3 6 8 |  8.3
Armour         | 3 5 7 |  7.7

Action                   |  1- 3 |  4- 6 |  7- 9 | 10-12 | 13-15 | 16-18 || total
-------------------------+-------+-------+-------+-------+-------+-------++-------
Melee: Unarmed           |       |    36 |    18 |    93 |    12 |   234 ||   393
       Kick              |       |    11 |     8 |    24 |       |       ||    43
       Headbutt          |       |     5 |     4 |    21 |       |       ||    30
 Cast: Beastly Appendage |       |     9 |     3 |     7 |       |       ||    19
       Wereblood         |       |     7 |     1 |     9 |     1 |    15 ||    33
       Statue Form       |       |       |       |     5 |     1 |    16 ||    22
       Summon Forest     |       |       |       |       |       |    19 ||    19
 Abil: End Transformatio |       |       |       |     1 |     1 |     6 ||     8
Evoke: Wand              |     2 |     1 |       |       |       |       ||     3
  Use: Potion            |       |       |     4 |     2 |     6 |     9 ||    21
       Scroll            |       |       |       |     2 |     2 |    10 ||    14
 Stab: Distracted        |       |       |       |       |       |     6 ||     6
Armor: Robe              |       |     7 |     3 |    16 |       |     2 ||    28
       Skin              |       |       |       |    15 |     8 |   117 ||   140
       Acid dragon scale |       |       |       |       |       |     1 ||     1
Dodge: Dodged            |       |     8 |    11 |    44 |     5 |   151 ||   219
Block: Kite shield       |       |       |       |    27 |    10 |   224 ||   261

Table legend: (Time is in decaauts)
 A = Elapsed time spent in this place.
 B = Non-inter-level travel time spent in this place.
 C = Inter-level travel time spent in this place.
 D = Time resting spent in this place.
 E = Time spent auto-exploring this place.
 F = Levels seen in this place.
 G = Mean time per level.
                   A        B        C        D        E       F      G
               +--------+--------+--------+--------+--------+-----+--------+
         Total |   3239 |   3224 |     15 |    168 |     28 |   1 | 3239.0 |
       Dungeon |   3239 |   3224 |     15 |    168 |     28 |   1 | 3239.0 |
               +--------+--------+--------+--------+--------+-----+--------+

Top non-repeatable levels by time:
       D: 3239 daAuts
